AoeStats
← Armes Würstchen

Arena

510268835Analyzed
4v4 RM · 24h ago on Sep 30, 2026· 86m 19s· 8 players
Game mode
Random Map
Map size
Large (8 player)
Population
200
Speed
Normal
Resources
Standard
Victory
Conquest
Starting age
Dark Age
Ending age
Imperial Age
RankedLock teamsTeams togetherTeam positionsShared explorationLock speedFull tech treeHidden civsTurbo modeCheats
Victory
Defeat
🇲🇾 Persians · Malaysia
857
+14
🇦🇺 Teutons · Australia
825
+16
🇨🇳 Poles · China
806
+16
🇨🇳 Bulgarians · China
777
+18
🇨🇦 Poles · Canada
844
-17
🇳🇱 Turks · Netherlands
821
-16
🇩🇪 Byzantines · Germany
810
-16
🇧🇪 Burgundians · Belgium
786
-15
Armes Würstchen
10:51 Feudal Age
14:37 Castle Age
12:35 Double-Bit Axe
12:37 Horse Collar
16:04 Bow Saw
16:26 Heavy Plow
20:01 Heavy Plow
22:32 Wheelbarrow
22:49 Stone Mining
22:50 Gold Mining
22:51 Loom
23:47 Hand Cart
25:42 Stone Shaft Mining
25:43 Gold Shaft Mining
28:12 Imperial Age
27:12 Forging
27:08 Scale Barding Armor
28:56 Iron Casting
29:04 Chain Barding Armor
28:36 Pikeman
29:17 Squires
29:02 Arson
29:26 Scale Mail Armor
31:04 Chemistry
30:05 Capped Ram
31:33 Plate Barding Armor
30:49 Fletching
30:27 Halberdier
31:16 Husbandry
32:06 Ballistics
32:04 Chain Mail Armor
31:17 Siege Ram
33:18 Bodkin Arrow
33:47 Conscription
33:30 Elite Cataphract
35:27 Bracer
35:58 Plate Mail Armor
36:34 Logistica
40:22 Two-Man Saw
41:41 Gambesons
41:17 Elite Varangian Guard
42:15 Padded Archer Armor
42:17 Treadmill Crane
42:34 Murder Holes
42:25 Arrowslits
43:00 Bombard Tower
43:39 Hoardings
43:51 Caravan
51:08 Fortified Wall
57:31 Coinage
57:17 Guilds
56:46 Light Cavalry
58:18 Man-at-Arms
59:15 Leather Archer Armor
85:03 Leather Archer Armor
WaterfietsXL
0:33 Loom
13:18 Feudal Age
18:34 Castle Age
18:50 Double-Bit Axe
22:09 Bow Saw
22:20 Horse Collar
24:46 Heavy Plow
27:43 Stone Mining
27:45 Gold Mining
29:38 Gold Shaft Mining
34:03 Imperial Age
32:12 Wheelbarrow
32:09 Man-at-Arms
33:57 Caravan
35:50 Conscription
36:57 Capped Ram
39:48 Elite Janissary
40:55 Siege Ram
FoxyWaves
11:38 Feudal Age
10:26 Double-Bit Axe
10:53 Horse Collar
13:52 Gold Mining
14:30 Heavy Plow
15:45 Bow Saw
21:29 Castle Age
20:29 Gold Shaft Mining
22:14 Husbandry
21:37 Light Cavalry
22:26 Scale Barding Armor
22:59 Crop Rotation
23:09 Crop Rotation
23:22 Crop Rotation
24:08 Two-Man Saw
26:40 Stone Mining
27:04 Scale Barding Armor
27:10 Forging
26:53 Fletching
29:32 Wheelbarrow
28:42 Town Watch
29:22 Chain Barding Armor
29:38 Iron Casting
Ikester
9:46 Feudal Age
13:59 Castle Age
13:12 Double-Bit Axe
16:48 Horse Collar
21:38 Bow Saw
22:36 Heavy Plow
22:25 Loom
22:29 Town Watch
24:38 Wheelbarrow
25:58 Szlachta Privileges
26:44 Ballistics
27:15 Hand Cart
27:15 Scale Barding Armor
28:19 Masonry
29:09 Gold Mining
29:11 Stone Mining
29:50 Chain Barding Armor
29:42 Forging
32:46 Imperial Age
32:05 Devotion
32:30 Sanctity
32:51 Bloodlines
32:41 Husbandry
33:02 Town Patrol
33:53 Stone Shaft Mining
34:36 Chemistry
33:34 Murder Holes
33:07 Cavalier
35:44 Iron Casting
35:01 Fletching
36:58 Redemption
37:07 Block Printing
38:18 Conscription
42:10 Elite Obuch
43:17 Lechitic Legacy
42:46 Light Cavalry
43:50 Winged Hussar
43:56 Winged Hussar
49:20 Elite Obuch
52:30 Scale Mail Armor
53:31 Blast Furnace
52:31 Bodkin Arrow
52:51 Devotion
53:32 Theocracy
57:09 Chain Mail Armor
68:08 Crop Rotation
81:23 Caravan
Blues_1111
13:37 Feudal Age
13:31 Loom
14:55 Double-Bit Axe
18:50 Castle Age
18:11 Horse Collar
18:24 Gold Mining
19:24 Heavy Plow
19:35 Bow Saw
20:30 Pikeman
23:36 Loom
26:43 Wheelbarrow
27:04 Forging
27:48 Squires
28:58 Iron Casting
33:21 Imperial Age
34:44 Conscription
35:21 Capped Ram
37:25 Kamandaran
37:36 Citadels
36:56 Siege Ram
39:07 Fletching
39:19 Scale Mail Armor
40:19 Blast Furnace
39:24 Scale Mail Armor
40:44 Two-Man Saw
39:55 Halberdier
40:11 Crossbowman
42:05 Chain Mail Armor
42:28 Hand Cart
46:35 Crop Rotation
47:05 Plate Mail Armor
47:40 Scale Barding Armor
48:33 Elite War Elephant
49:55 Gold Shaft Mining
49:11 Stone Mining
49:56 Husbandry
50:20 Chain Barding Armor
53:47 Stone Shaft Mining
54:22 Plate Barding Armor
56:55 Hoardings
56:19 Bodkin Arrow
57:41 Padded Archer Armor
58:49 Ballistics
59:30 Chemistry
59:48 Thumb Ring
59:57 Arson
69:00 Murder Holes
70:29 Cavalier
75:29 Savar
81:38 Bloodlines
84:24 Light Cavalry
eatherrr
8:35 Loom
10:43 Feudal Age
14:48 Castle Age
13:15 Double-Bit Axe
13:31 Horse Collar
15:52 Loom
20:40 Wheelbarrow
21:21 Town Watch
22:33 Hand Cart
24:52 Stone Mining
24:53 Gold Mining
25:57 Bow Saw
28:55 Imperial Age
28:10 Gambesons
27:45 Man-at-Arms
29:27 Scale Mail Armor
29:37 Forging
29:23 Capped Ram
30:40 Crenellations
30:52 Ironclad
32:23 Chain Mail Armor
32:44 Iron Casting
32:10 Long Swordsman
32:55 Squires
35:03 Plate Mail Armor
35:33 Blast Furnace
34:24 Fletching
36:52 Elite Teutonic Knight
39:21 Bodkin Arrow
40:27 Blast Furnace
44:41 Pikeman
44:42 Two-Handed Swordsman
48:03 Champion
48:03 Halberdier
49:19 Ballistics
48:40 Halberdier
61:35 Caravan
62:55 Arson
77:14 Conscription
ksffvbh
0:28 Loom
17:09 Feudal Age
18:49 Wheelbarrow
18:22 Double-Bit Axe
18:20 Horse Collar
18:34 Stone Mining
18:37 Gold Mining
21:37 Castle Age
22:41 Hand Cart
22:29 Heavy Plow
22:44 Bow Saw
23:13 Stone Shaft Mining
25:18 Scale Barding Armor
25:24 Forging
24:37 Light Cavalry
25:28 Bloodlines
25:20 Husbandry
26:53 Treadmill Crane
28:26 Chain Barding Armor
28:42 Iron Casting
34:01 Imperial Age
35:08 Winged Hussar
36:11 Conscription
36:12 Lechitic Legacy
36:57 Blast Furnace
37:47 Crop Rotation
JOE
0:30 Loom
11:18 Feudal Age
20:00 Castle Age
18:26 Double-Bit Axe
18:25 Horse Collar
20:37 Wheelbarrow
19:58 Stone Mining
19:58 Gold Mining
20:13 Gold Mining
21:21 Bow Saw
21:31 Heavy Plow
24:01 Hand Cart
27:02 Gambesons
32:20 Imperial Age
30:45 Masonry
31:02 Arson
31:18 Squires
31:53 Scale Mail Armor
32:03 Forging
33:18 Gold Shaft Mining
33:21 Stone Shaft Mining
36:23 Architecture
36:11 Chain Mail Armor
36:32 Iron Casting
38:44 Conscription
38:28 Bagains
42:49 Plate Mail Armor
44:44 Blast Furnace
45:14 Capped Ram
46:06 Siege Ram
48:18 Crop Rotation
48:49 Crop Rotation
47:45 Pikeman
57:08 Halberdier
78:42 Husbandry
79:59 Light Cavalry
81:35 Stirrups
82:58 Bloodlines
84:19 Scale Barding Armor
84:39 Caravan
86:16 Hussar
Connection lost

Rejoining the realm…

Still unreachable

The connection could not be restored.

Session expired

The server has moved on; the page needs a fresh start.